 Dungeon Crawl Stone Soup version 0.22-a0-430-g6609fc6 (webtiles) character file.

21 Gorglomux the Ducker (level 2, -6/16 HPs)
             Began as a Spriggan Berserker on May 27, 2018.
             Killed by the fiery rage of Trog (22 damage)
             ... on level 1 of the Dungeon.
             The game lasted 00:00:56 (631 turns).

Gorglomux the Ducker (Spriggan Berserker)            Turns: 631, Time: 00:00:57

Health: -6/16      AC:  2    Str: 13    XL:     2   Next: 62%
Magic:  3/3        EV: 19    Int:  8    God:
Gold:   72         SH:  0    Dex: 15    Spells: 1/1 levels left

rFire    . . .     SeeInvis +   a - +0 short sword
rCold    . . .     Gourm    .   (shield restricted)
rNeg     . . .     Faith    .   b - +0 animal skin
rPois    .         Spirit   .   (helmet restricted)
rElec    .         Reflect  .   (no cloak)
rCorr    .         Harm     .   (gloves unavailable)
MR       .....                  (boots unavailable)
Stlth    +++.......             (no amulet)
HPRegen  0.05/turn              (no ring)
MPRegen  0.08/turn              (no ring)

@: very quick
A: very small, unfitting armour, see invisible, herbivore, speed 3, slow
metabolism 2
a: no special abilities


You were on level 1 of the Dungeon.
You were not hungry.

You visited 1 branch of the dungeon, and saw 1 of its levels.

You collected 72 gold pieces.

Inventory:

Hand Weapons
 a - a +0 short sword (weapon)
Missiles
 g - 22 stones (quivered)
Armour
 b - a +0 animal skin (worn)
Scrolls
 d - a scroll of amnesia {unknown}
 f - a scroll of teleportation {unknown}
 i - a scroll of fog {unknown}
 j - a scroll of enchant armour {unknown}
Potions
 e - a potion of curing {unknown}
 h - a potion of haste {unknown}
Comestibles
 c - a ration


   Skills:
 - Level 2.4 Fighting
 - Level 3.2 Short Blades
 - Level 4.4 Dodging
 + Level 3.9 Stealth


You had one spell level left.
You didn't know any spells.
Your spell library was empty.

Dungeon Overview and Level Annotations

Branches:
Dungeon (1/15)

Altars:


Innate Abilities, Weirdness & Mutations

You are very small and have problems with some larger weapons.
You are too small for most types of armour.
You have supernaturally acute eyesight. (SInv)
You are a herbivore.
You cover ground extremely quickly.
You need to consume almost no food.


Message History

g - 17 stones (gained 13)
The kobold is butt close now for your liking!
A kobold is nearby!!!
The helpless kobold fails to defend itself!
You perforate the kobold like a sieve!!!
You annihilate the butt!!!
No target in view!!!
No target in view!!!
g - 22 stones (gained 5) Things that are butt: a dagger; a kobold corpse You now have 61 gold pieces (gained 11)!
You now have 72 gold pieces (gained 11)!
j - a scroll labeled SESOPLIEDD
Found a butt butt leading down!
HP restored!
You feel Trog's fiery rage upon you!!!
You are blasted with searing flames!!!
The searing flames burn away your fire resistance!!!
DANG rip

# #####.# #..@..#
#.##### #.#
##############.###
..)...........>..#
###..######.######
##.# #.# #.## #.#
#..# #.#


There were no monsters in sight!

Vanquished Creatures
  A dart slug (D:1)
  A giant cockroach (D:1)
  2 hobgoblins (D:1)
  2 jackals (D:1)
  4 kobolds (D:1)
  2 bats (D:1)
  2 frilled lizards (D:1)
  3 goblins (D:1)
  A rat (D:1)
18 creatures vanquished.

Notes
Turn   | Place    | Note
-------+----------+-------------------------------------------
     0 | D:1      | Gorglomux the Spriggan Berserker began the quest for the Orb.
     0 | D:1      | Reached XP level 1. HP: 11/11 MP: 2/2
    13 | D:1      | Fell from the grace of Trog
   141 | D:1      | Reached skill level 1 in Stealth
   349 | D:1      | Reached XP level 2. HP: 11/16 MP: 3/3
   473 | D:1      | Reached skill level 3 in Stealth
   631 | D:1      | Killed by the fiery rage of Trog

Vault maps used:
D:1:      minmay_arrival_stair_chambers

Skill      XL: |  1  2 |
---------------+-------+-----
Stealth        | 2 3 |  3.9
Fighting       | |  2.4
Short Blades   | |  3.2
Dodging        | |  4.4

Action                   || total
-------------------------++-------
Melee: Short sword       ||    75
Invok: Renounce Religion ||     1
 Stab: Sleeping          ||     4
Armor: Animal skin       ||     3
Dodge: Dodged            ||    64

Table legend:
 A = Spawn XP
 B = Non-spawn XP
 C = Spawn XP percentage of total XP
 D = Spawn monster count
 E = Non-spawn monster count
 F = Spawn count percentage of total count
 G = Total turns spent on level
                    A         B        C        D         E        F      G
               +---------+---------+-------+---------+---------+-------+---------
         Total |       0 |      30 |   0.0 |       0 |      18 |   0.0 |   631
               +---------+---------+-------+---------+---------+-------+---------
           D:1 |       0 |      30 |   0.0 |       0 |      18 |   0.0 |   631
               +---------+---------+-------+---------+---------+-------+---------
